 Dungeon Crawl Stone Soup version 0.31-a0-988-g08d55dae12 (webtiles) character file.

Game seed: 3771423353231809838

788 Conn the Sneak (level 7, 0/55 (61) HPs)
             Began as an Octopode Fire Elementalist on Nov 4, 2023.
             Slain by a wight
             ... wielding a +3 falchion
              (1 damage)
             ... on level 6 of the Dungeon.
             The game lasted 00:07:34 (3143 turns).

Conn the Sneak (Octopode Fire Elementalist)         Turns: 3143, Time: 00:07:34

HP:   0/55 (61)     AC: 23    Str:  8    XL:     7   Next: 87%
MP:   0/13          EV:  2    Int: 19    God:
Gold: 137           SH:  5    Dex: 12    Spells: 8/14 levels left

rFire   . . .        l - +3 short sword
rCold   . . .        (no shield)
rNeg    . . .        (helmet currently unavailable)
rPois   +            o - amulet of reflection
rElec   .            n - ring of willpower
rCorr   .            (no ring)
SInv    .            (no ring)
Will    +....        (no ring)
Stlth   +++          (no ring)
HPRegen 0.29/turn    (no ring)
MPRegen 0.13/turn    (no ring)
                     (no ring)

%: reflection
@: tree-form (expiring), hasted, drained, very quick
A: stationary, stasis, torment immunity, boosted hp, almost no armour,
(amphibious), 8 rings, (camouflage 1), (gelatinous body 1), (nimble swimmer 1),
(tentacles)
a: no special abilities


You were on level 6 of the Dungeon.
You were a tree.
You visited 1 branch of the dungeon, and saw 5 of its levels.

You collected 137 gold pieces.

Inventory:

Hand Weapons
 l - a +3 short sword (weapon)
Magical Staves
 m - a staff of poison
Jewellery
 n - a ring of willpower (left branch)
 o - an amulet of reflection (around neck)
Scrolls
 b - a scroll of identify
 f - a scroll of fear
 i - 2 scrolls of noise
 p - a scroll of vulnerability
Potions
 d - 4 potions of lignification
 h - a potion of haste


   Skills:
 + Level 3.7 Dodging
 + Level 5.4 Stealth
 * Level 4.4 Spellcasting
 + Level 3.2 Conjurations
 + Level 2.6 Hexes
 + Level 4.4 Fire Magic


You had 8 spell levels left.
You knew the following spells:

 Your Spells              Type           Power      Damage    Failure   Level
a - Foxfire               Conj/Fire      72%        2x1d7     2%          1
b - Scorch                Fire           42%        2d6       3%          2
c - Inner Flame           Hex/Fire       17%        N/A       10%         3

Your spell library contained the following spells:

 Spells                   Type           Power      Damage    Failure   Level
 Kiss of Death            Conj/Necr      40%        2d8       7%          1
 Confusing Touch          Hex            14%        N/A       13%         3
 Volatile Blastmotes      Fire/Tloc      24%        2d12      16%         3
 Wereblood                Tmut           4%         N/A       21%         2
 Flame Wave               Conj/Fire      18%        2d7       26%         4
 Ozocubu's Armour         Ice            4%         N/A       36%         3
 Dispel Undead            Necr           4%         3d7       78%         4
 Irradiate                Conj/Tmut      5%         3d13      88%         5
 Metabolic Englaciation   Hex/Ice        4%         N/A       91%         5
 Simulacrum               Ice/Necr       2%         N/A       100%        6


Dungeon Overview and Level Annotations

Branches:
Dungeon (4/15)
 Temple: D:4-7

Altars:
Ashenzari
Okawaru
Qazlal
Vehumet


Innate Abilities, Weirdness & Mutations

You are a tree.
Your roots penetrate the ground, keeping you stationary.
You cannot be teleported.
You are immune to unholy pain and torment.
Your maximum health is greatly increased.
You cannot wear most types of armour.
((You are amphibious.))
You can wear up to eight rings at the same time.
((Your skin changes colour to match your surroundings (Stealth+).))
((Your rubbery body absorbs attacks. (AC +1, EV +1)))
((You are camouflaged when in or above water. (Stealth+)))
((You have tentacles for arms and can constrict up to eight enemies at once.))


Message History

The wight hits you with a +2 dagger.
* * * LOW HITPOINT WARNING * * *
You feel drained.
You feel better.
The wight hits you with a +3 dagger of freezing.
* * * LOW HITPOINT WARNING * * *
You feel drained.
* * * LOW HITPOINT WARNING * * *
The wight freezes you.
* * * LOW HITPOINT WARNING * * *
The wight hits you but does no damage. x2
You hit the wight but do no damage.
The wight is lightly damaged.
You barely miss the wight.
The wight is lightly damaged.
The wight hits you with a +3 falchion!
* * * LOW HITPOINT WARNING * * *
The wight hits you but does no damage. The wight barely misses you.
The wight hits you but does no damage.
Unknown command.
Unknown command.
Okay, then.
Unknown command.
You barely miss the wight.
The wight is lightly damaged.
The wight hits you with a +3 dagger of freezing.
* * * LOW HITPOINT WARNING * * *
You feel drained. The wight freezes you.
* * * LOW HITPOINT WARNING * * *
Unknown command.
Unknown command.
Unknown command.
Unknown command.
You barely miss the wight.
The wight is lightly damaged.
The wight hits you but does no damage. x2
You hit the wight.
The wight is heavily damaged.
The wight hits you with a +3 falchion.
You die...

.....................#
.........#...........#
........##...........#
.. #........##...
##........# ...
...........# ..
#......zz...#
........zz).#
........z♣).#
..#..............
#..............
....#####....... ....
.##...## .. . ...# .
.... ..


You could see 5 wights.

Vanquished Creatures
  A water moccasin (D:3)
  2 black bears
  An ogre (D:6)
  A centaur (D:6)
  A kobold brigand (D:6)
  3 orc priests (D:4)
  An iguana (D:3)
  An orc wizard (D:4)
  4 gnolls (D:3)
  3 adders
  3 dart slugs
  10 orcs
  3 bats
  5 endoplasms
  A giant cockroach (D:1)
  3 goblins
  5 hobgoblins
  6 jackals
  3 ball pythons
  2 frilled lizards
  8 kobolds
  2 rats
69 creatures vanquished.

Vanquished Creatures (others)
  285 foxfires
285 creatures vanquished.

Grand Total: 354 creatures vanquished

Notes
Turn   | Place    | Note
-------+----------+-------------------------------------------
     0 | D:1      | Conn the Octopode Fire Elementalist began the quest for the
                  | Orb.
     0 | D:1      | Reached XP level 1. HP: 11/11 MP: 3/3
   186 | D:2      | Reached skill level 3 in Stealth
   186 | D:2      | Reached XP level 2. HP: 17/17 MP: 0/5
   190 | D:2      | Learned a level 2 spell: Scorch
   729 | D:1      | Reached XP level 3. HP: 20/21 MP: 1/6
   733 | D:1      | Learned a level 3 spell: Inner Flame
  1206 | D:2      | Found a stormy altar of Qazlal.
  1648 | D:3      | Noticed a water moccasin
  1655 | D:3      | Killed a water moccasin
  1656 | D:3      | Reached skill level 1 in Hexes
  1656 | D:3      | Reached XP level 4. HP: 24/27 MP: 0/8
  1656 | D:3      | Reached XP level 5. HP: 28/31 MP: 0/9
  1751 | D:3      | Reached skill level 4 in Stealth
  1833 | D:3      | Found a faded altar of an unknown god.
  2154 | D:3      | Reached XP level 6. HP: 36/36 MP: 4/10
  2254 | D:3      | Found a radiant altar of Vehumet.
  2255 | D:3      | Found an iron altar of Okawaru.
  2562 | D:4      | Found a broken altar of Ashenzari.
  2957 | D:4      | Noticed a black bear
  2964 | D:4      | Killed a black bear
  2965 | D:4      | Reached XP level 7. HP: 41/41 MP: 4/12
  3051 | D:4      | You fall into a shaft and drop 2 floors!
  3119 | D:6      | Reached skill level 5 in Stealth
  3141 | D:6      | HP: 2/57 [wight/+3 dagger of freezing (1)]
  3143 | D:6      | Slain by a wight

Illustrated notes

Levels and vault maps discovered:
D:1:      co_arrival_random_square_maze, layout_rooms,
          minmay_misc_feat_four_crosses, serial_park_tiny_1,
          minmay_misc_feat_chi, serial_bayou_pond_d, serial_bayou_pond_e
D:2:      layout_basic, basic_altar
D:3:      layout_rooms, minitemple, basic_ecumenical_altar
D:4:      layout_cave_pools, cheibrodos_ashenzari_chains,
          lemuel_mausoleum_altar_yredelemnul, serial_column_ruins,
          column_ruins_hut, column_ruins_hut_pillars, column_ruins_grid_2,
          column_ruins_columns_plus, column_ruins_columns_straight,
          column_ruins_columns_straight, column_ruins_columns_corner,
          uniq_eustachio, uniq_sigmund
D:6:      layout_basic, zin_purify, amcnicky_altar_gilded, bloody_makhleb

Skill      XL: |  1  2  3  4  5  6  7 |
---------------+----------------------+-----
Stealth        | 3 4 5 |  5.4
Conjurations   | 2 3 |  3.2
Hexes          | 1 2 |  2.6
Spellcasting   | 3 4 |  4.4
Dodging        | 3 |  3.7
Fire Magic     | 4 |  4.4

Action                     |  1- 3 |  4- 6 |  7- 9 || total
---------------------------+-------+-------+-------++-------
  Melee: Unarmed           |    14 |     3 |       ||    17
         Constrict         |     6 |     1 |     1 ||     8
         Tentacles         |     2 |     2 |       ||     4
         Short sword       |       |     3 |    15 ||    18
  Throw: Dart              |       |       |     1 ||     1
         Throwing net      |       |       |     1 ||     1
   Cast: Foxfire           |    57 |    89 |    16 ||   162
         Scorch            |     1 |     2 |     8 ||    11
         Inner Flame       |       |     1 |       ||     1
    Use: Scroll            |       |       |     6 ||     6
         Potion            |       |       |     6 ||     6
   Stab: Sleeping          |     1 |       |       ||     1
         Held in net/web   |       |       |     1 ||     1
 Armour: Skin              |     7 |    10 |    52 ||    69
  Dodge: Dodged            |    15 |    12 |     5 ||    32
  Block: Other             |       |     1 |    13 ||    14
         Reflection        |       |       |     1 ||     1

Table legend: (Time is in decaauts)
 A = Elapsed time spent in this place.
 B = Non-inter-level travel time spent in this place.
 C = Inter-level travel time spent in this place.
 D = Time resting spent in this place.
 E = Time spent auto-exploring this place.
 F = Levels seen in this place.
 G = Mean time per level.
                   A        B        C        D        E       F      G
               +--------+--------+--------+--------+--------+-----+--------+
         Total |   3133 |   3062 |     71 |    231 |   2203 |   5 |  626.6 |
       Dungeon |   3133 |   3062 |     71 |    231 |   2203 |   5 |  626.6 |
               +--------+--------+--------+--------+--------+-----+--------+

Top non-repeatable levels by time:
     D:3: 997 daAuts
     D:1: 827 daAuts
     D:2: 821 daAuts
     D:4: 405 daAuts
     D:6: 82 daAuts
